 Dungeon Crawl Stone Soup version 0.30-a0-358-g0d69a1922f (webtiles) character file.

Game seed: 11593936263415844784

87 Essalna the Ruffian (level 4, -8/37 HPs)
             Began as a Draconian Transmuter on Nov 10, 2022.
             Was a Believer of Elyvilon.
             Killed by divine providence
             ... invoked by an orc priest
              (11 damage)
             ... on level 3 of the Dungeon.
             The game lasted 00:04:00 (1957 turns).

Essalna the Ruffian (Draconian Transmuter)          Turns: 1957, Time: 00:04:01

Health: -8/37      AC:  6    Str: 13 (15) XL:     4   Next: 28%
Magic:  7/7        EV: 11    Int: 10 (13) God:    Elyvilon [**....]
Gold:   138        SH:  0    Dex:  8 (11) Spells: 2/7 levels left

rFire   . . .      SeeInvis .      - Unarmed
rCold   . . .      Faith    .    (no shield)
rNeg    . . .      Spirit   .    (body armour unavailable)
rPois   .          Reflect  .    (helmet currently unavailable)
rElec   .          Harm     .    (no cloak)
rCorr   .          Rampage  .    d - +0 pair of gloves
Will    .....                    (boots currently unavailable)
Stlth   +.........               (no amulet)
HPRegen 0.26/turn                (no ring)
MPRegen 0.10/turn                (no ring)

@: appendages
A: horns 2, talons 2, AC +5, unfitting armour, cold-blooded
a: End Transformation, Renounce Religion, Purification, Heal Other


You were on level 3 of the Dungeon.
You worshipped Elyvilon.
Elyvilon was pleased with you.
You had temporarily grown beastly horns and talons.
You visited 1 branch of the dungeon, and saw 3 of its levels.

You collected 138 gold pieces.

Inventory:

Armour
 d - a +0 pair of gloves (worn)
Scrolls
 g - a scroll of teleportation
Potions
 a - 3 potions of lignification
 e - a potion of attraction
 f - a potion of curing {unknown}
 h - a potion of heal wounds {unknown}
 i - a potion of mutation {unknown}
 j - a potion of degeneration


   Skills:
 + Level 2.6 Fighting
 - Level 1.7 Dodging
 + Level 3.8 Unarmed Combat
 - Level 2.0 Spellcasting
 + Level 3.0 Transmutations
 + Level 0.3 Ice Magic


You had 2 spell levels left.
You knew the following spells:

 Your Spells              Type           Power      Damage    Failure   Level
a - Beastly Appendage     Tmut           14%        N/A       9%          1
b - Ice Form              Ice/Tmut       4%         N/A       83%         4

Your spell library contained the following spells:

 Spells                   Type           Power      Damage    Failure   Level
 Wereblood                Tmut           7%         N/A       13%         2
 Passwall                 Tmut/Erth      3%         N/A       26%         2
 Ensorcelled Hibernation  Hex/Ice        2%         N/A       41%         2
 Cigotuvi's Dreadful Rot  Necr/Pois/Air  2%         N/A       43%         2
 Poisonous Vapours        Pois/Air       2%         N/A       43%         2
 Spider Form              Tmut/Pois      4%         N/A       45%         3
 Mephitic Cloud           Conj/Pois/Air  1%         N/A       67%         3
 Swiftness                Air            1%         N/A       67%         3


Dungeon Overview and Level Annotations

Branches:
Dungeon (3/15)

Altars:
Elyvilon


Innate Abilities, Weirdness & Mutations

You have temporarily grown beastly horns and talons.
Your plain brown scales are hard. (AC +5)
You cannot fit into any form of body armour.
You are cold-blooded and may be slowed by cold attacks.


Message History

a +0 dagger; an orc corpse An orc comes into view.
It is wielding a +0 mace.
The orc priest calls down the wrath of Beogh upon you.
Beogh smites you!
Casting: Beastly Appendage (safe; 7% risk of failure)
Confirm with . or Enter, or press ? or * to list all spells.
You grow a pair of large bovine horns.
Your feet morph into talons.
The orc priest looks encouraged for a moment.
You barely miss the orc priest. Your kick misses the orc priest.
You headbutt the orc priest.
Your tail-slap misses the orc priest.
The orc priest is moderately wounded.
You hit the orc but do no damage. You headbutt the orc.
The orc is heavily wounded.
The orc priest calls down the wrath of Beogh upon you.
Beogh smites you!
* * * LOW HITPOINT WARNING * * *
You barely miss the orc. You claw the orc, but do no damage.
You headbutt the orc.
You kill the orc!
You closely miss the orc priest. Your kick misses the orc priest.
Your headbutt misses the orc priest.
The orc priest is moderately wounded.
The orc priest hits you with a +0 mace.
* * * LOW HITPOINT WARNING * * *
You hit the orc priest.
The orc priest is moderately wounded.
The orc priest hits you with a +0 mace.
* * * LOW HITPOINT WARNING * * *
You hit the orc priest.
Your tail-slap misses the orc priest.
The orc priest is heavily wounded.
You barely miss the orc priest.
The orc priest is heavily wounded.
The orc priest hits you with a +0 mace.
* * * LOW HITPOINT WARNING * * *
It was a potion of degeneration.
There was something very wrong with that liquid.
You feel weakened.
You feel dopey.
You feel clumsy.
The orc priest mumbles some strange prayers to Beogh against you.
Beogh smites you!
You die...

#. .#### #. ....#
#.#....+ . ......#..
.........
#.######+###......#
#.................#
#....o@..)........##
....................## #
##########........#..###
#........##..##
#............##
#..............
#.....[..[.....
#####...†......
#.)........


You could see an orc priest.

Vanquished Creatures
  3 adders
  2 dart slugs (D:2)
  2 orcs (D:3)
  4 ball pythons
  4 bats
  4 endoplasms
  2 giant cockroaches (D:1)
  4 goblins
  5 hobgoblins
  6 jackals
  A quokka (D:2)
  2 frilled lizards
  5 kobolds
  6 rats
50 creatures vanquished.

Notes
Turn   | Place    | Note
-------+----------+-------------------------------------------
     0 | D:1      | Essalna the Draconian Transmuter began the quest for the
                  | Orb.
     0 | D:1      | Reached XP level 1. HP: 16/16 MP: 3/3
   617 | D:1      | Reached XP level 2. HP: 17/23 MP: 3/5
   770 | D:1      | Found a faded altar of an unknown god.
   810 | D:1      | Prayed at the altar of an unknown god.
   810 | D:1      | Became a worshipper of Elyvilon the Healer
   810 | D:1      | Reached * piety under Elyvilon
  1188 | D:2      | Reached XP level 3. HP: 29/29 MP: 4/6
  1537 | D:2      | Reached ** piety under Elyvilon
  1835 | D:3      | Reached XP level 4. HP: 37/37 MP: 5/7
  1840 | D:3      | Learned a level 4 spell: Ice Form
  1957 | D:3      | Killed from afar by an orc priest

Illustrated notes

Levels and vault maps discovered:
D:1:      enne_arrival_octagon_isle, layout_loops_corners,
          hellmonk_ecumenical_altar_zigzags, chequers_big_river,
          chequers_serial_rivers_micro_d, chequers_serial_rivers_micro_c,
          moated_statue, minmay_misc_feat_four_crosses
D:2:      layout_rooms
D:3:      layout_basic, mainiacjoe_overflow_24_doors,
          mainiacjoe_overflow_alcove_1, portal_sewer_entry_d

Skill      XL: |  1  2  3 |
---------------+----------+-----
Fighting       | 2 |  2.6
Transmutations | 3 |  3.0
Dodging        | |  1.7
Unarmed Combat | |  3.8
Spellcasting   | |  2.0
Ice Magic      | |  0.3

Action                   |  1- 3 |  4- 6 || total
-------------------------+-------+-------++-------
Melee: Unarmed           |   117 |    21 ||   138
       Kick              |    15 |     4 ||    19
       Tailslap          |     4 |     2 ||     6
       Headbutt          |    15 |     5 ||    20
       Punch             |     1 |       ||     1
 Cast: Beastly Appendage |    35 |     3 ||    38
  Use: Scroll            |       |     3 ||     3
       Potion            |       |     1 ||     1
 Stab: Distracted        |     1 |       ||     1
Armor: Skin              |    41 |     1 ||    42
Dodge: Dodged            |    59 |     5 ||    64

Table legend: (Time is in decaauts)
 A = Elapsed time spent in this place.
 B = Non-inter-level travel time spent in this place.
 C = Inter-level travel time spent in this place.
 D = Time resting spent in this place.
 E = Time spent auto-exploring this place.
 F = Levels seen in this place.
 G = Mean time per level.
                   A        B        C        D        E       F      G
               +--------+--------+--------+--------+--------+-----+--------+
         Total |   1955 |   1913 |     42 |      0 |   1536 |   3 |  651.7 |
       Dungeon |   1955 |   1913 |     42 |      0 |   1536 |   3 |  651.7 |
               +--------+--------+--------+--------+--------+-----+--------+

Top non-repeatable levels by time:
     D:1: 1149 daAuts
     D:2: 679 daAuts
     D:3: 126 daAuts
